 Dungeon Crawl Stone Soup version 0.27-a0-562-g0d39f094a4 (webtiles) character file.

Game seed: 7059397689348210465

459 porpoise the Skirmisher (level 7, -1/44 HPs)
             Began as a Gargoyle Wanderer on Mar 8, 2021.
             Was an Initiate of the Shining One.
             Slain by an adder skeleton (3 damage)
             ... on level 4 of the Dungeon.
             The game lasted 00:15:28 (5123 turns).

porpoise the Skirmisher (Gargoyle Wanderer)         Turns: 5123, Time: 00:15:30

Health: -1/44      AC: 15    Str: 17    XL:     7   Next: 6%
Magic:  8/8        EV:  7    Int: 10    God:    the Shining One [......]
Gold:   206        SH:  0    Dex: 12    Spells: 8/8 levels left

rFire    . . .     SeeInvis .   a - +2 dagger
rCold    . . .     Faith    .   (no shield)
rNeg     + . .     Spirit   .   d - +0 chain mail
rPois    ∞         Reflect  .   (no helmet)
rElec    +         Harm     .   g - +0 cloak
rCorr    .         Rampage  .   (no gloves)
Will     .....                  u - +0 pair of boots
Stlth    ..........             (no amulet)
HPRegen  0.14/turn              (no ring)
MPRegen  0.11/turn              (no ring)

@: glowing
A: negative energy resistance 1, electricity resistance, torment resistance 1,
unbreathing 1, petrification resistance, AC +4
a: Renounce Religion


You were on level 4 of the Dungeon.
You worshipped the Shining One.
The Shining One was noncommittal.
You visited 1 branch of the dungeon, and saw 4 of its levels.
You also visited: Sewer.

You collected 206 gold pieces.

Inventory:

Hand Weapons
 a - a +2 dagger (weapon)
 b - a +0 hunting sling
 c - a +0 quarterstaff
Missiles
 f - 11 boomerangs (quivered)
 h - 113 stones
 k - 3 curare-tipped darts
 l - 18 bolts
 t - 11 poisoned darts
 v - 2 throwing nets
Armour
 d - a +0 chain mail (worn)
 e - a +0 robe
 g - a +0 cloak (worn)
 u - a +0 pair of boots (worn)
Scrolls
 i - 3 scrolls of identify
 n - a scroll of enchant armour {unknown}
 o - a scroll of random uselessness {unknown}
 p - a scroll of immolation
 q - a scroll of fear {unknown}
 r - a scroll of blinking {unknown}
 w - a scroll of fog {unknown}
 x - a scroll of magic mapping {unknown}
Potions
 j - a potion of brilliance
 m - 3 potions of curing
 s - 3 potions of flight


   Skills:
 - Level 5.0 Fighting
 + Level 4.8(5.0) Maces & Flails
 - Level 2.0(3.6) Staves
 - Level 1.0 Throwing
 + Level 1.4 Armour
 - Level 1.0 Dodging
 - Level 1.1 Stealth
 - Level 1.0 Spellcasting
 - Level 2.1 Conjurations
 - Level 2.0 Fire Magic


You had 8 spell levels left.
You didn't know any spells.
Your spell library was empty.

Dungeon Overview and Level Annotations

Branches:
Dungeon (4/15)              Sewer (visited)
 Temple: D:4-7

Altars:
Dithmenos
Qazlal
Ru
Vehumet
Xom
Yredelemnul
Zin
The Shining One

Annotations:
D:4 Pikel


Innate Abilities, Weirdness & Mutations

Your stone body is resilient. (AC +4)
You are immune to poison.
You resist negative energy. (rN+)
You are resistant to electric shocks. (rElec)
You are resistant to unholy torment.
You can survive without breathing.
You are immune to petrification.


Message History

Pikel hits you but does no damage.
You hit Pikel but do no damage.
Pikel is heavily wounded.
Pikel hits you but does no damage.
You hit Pikel but do no damage.
Pikel is heavily wounded.
Pikel hits you but does no damage.
You hit Pikel.
Pikel is heavily wounded.
Pikel hits you with a +2 whip of freezing.
Pikel freezes you.
You hit Pikel but do no damage.
Pikel is heavily wounded.
Pikel hits you but does no damage.
You hit Pikel.
Pikel is heavily wounded.
Pikel hits you with a +2 whip of freezing!
* * * LOW HITPOINT WARNING * * *
Pikel freezes you.
* * * LOW HITPOINT WARNING * * *
You hit Pikel but do no damage.
Pikel is heavily wounded.
An adder skeleton comes into view.
Pikel hits you but does no damage.
You feel better. Pikel closely misses you.
You hit Pikel.
Pikel is heavily wounded.
The adder skeleton bites you but does no damage.
Pikel hits you with a +2 whip of freezing!
* * * LOW HITPOINT WARNING * * *
Pikel freezes you.
* * * LOW HITPOINT WARNING * * *
The adder skeleton barely misses you.
You feel better.
Pikel hits you with a +2 whip of freezing.
* * * LOW HITPOINT WARNING * * *
Pikel freezes you.
* * * LOW HITPOINT WARNING * * *
The adder skeleton bites you.
You die...

######....###.#..........
.........................
.......<†..†.........#>##
.....######............#
... ####.............# #
.................#
.....#..†........#
#######...........
#.@K55..........
......Z####..(..(..(
...<... #...(.?...
..##### ........... .
####...(.?.. .........
......... .........
..........


You could see Pikel (strong), 2 lemures and an adder skeleton.

Vanquished Creatures
  A lemure (D:4)
  A kobold brigand (Sewer)
  Jessica (D:2)
  Terence (D:1)
  4 worker ants
  8 gnolls
  3 adders
  A river rat (Sewer)
  3 oozes
  2 worms
  3 dart slugs
  5 leopard geckos
  4 orcs
  A ball python (D:3)
  9 bats
  5 giant cockroaches
  11 hobgoblins
  10 jackals
  A quokka (D:3)
  5 frilled lizards
  7 goblins
  16 kobolds
  8 rats
110 creatures vanquished.

Vanquished Creatures (others)
  A plant (D:3)
1 creature vanquished.

Grand Total: 111 creatures vanquished

Notes
Turn   | Place    | Note
-------+----------+-------------------------------------------
     0 | D:1      | porpoise the Gargoyle Wanderer began the quest for the Orb.
     0 | D:1      | porpoise set off with the following items: a +2 dagger, 3
                  | curare-tipped darts, a +0 quarterstaff, a potion of
                  | lignification, a +0 robe
     0 | D:1      | Reached XP level 1. HP: 10/10 MP: 2/2
   289 | D:1      | Reached skill level 1 in Fighting
   294 | D:1      | Reached skill level 1 in Maces & Flails
   294 | D:1      | Reached XP level 2. HP: 14/16 MP: 3/3
   809 | D:1      | Reached XP level 3. HP: 20/21 MP: 4/4
   872 | D:1      | Reached skill level 2 in Fighting
  1885 | D:1      | Reached XP level 4. HP: 6/27 MP: 5/5
  2187 | D:2      | Noticed Terence
  2221 | D:1      | Killed Terence
  2222 | D:1      | Reached skill level 3 in Fighting
  2305 | D:2      | Noticed Jessica
  2315 | D:2      | Killed Jessica
  2316 | D:2      | Reached XP level 5. HP: 29/32 MP: 6/6
  2410 | D:2      | Found a shimmering altar of Xom.
  2418 | D:2      | Found a glowing silver altar of Zin.
  2423 | D:2      | Found a stormy altar of Qazlal.
  2430 | D:2      | Found a radiant altar of Vehumet.
  2436 | D:2      | Found a shadowy altar of Dithmenos.
  2923 | D:2      | Found a glowing golden altar of the Shining One.
  2927 | D:2      | Became a worshipper of the Shining One
  2980 | D:3      | Found a glowing drain.
  3042 | Sewer    | Entered a sewer
  3163 | Sewer    | Noticed a kobold brigand
  3209 | Sewer    | Killed a kobold brigand
  3210 | Sewer    | Reached skill level 4 in Fighting
  3210 | Sewer    | Reached XP level 6. HP: 17/38 MP: 7/7
  3421 | Sewer    | Found a white marble altar of Elyvilon.
  4418 | D:3      | Found a sacrificial altar of Ru.
  4645 | D:3      | Reached skill level 5 in Fighting
  4969 | D:4      | Reached skill level 1 in Armour
  4969 | D:4      | Reached XP level 7. HP: 38/44 MP: 8/8
  5064 | D:4      | Noticed Pikel
  5122 | D:4      | HP: 1/44 [Pikel/+2 whip of freezing (3)]
  5123 | D:4      | Slain by an adder skeleton

Illustrated notes

Levels and vault maps discovered:
D:1:      dpeg_arrival_three_smaller_balls, layout_basic, minmay_pentomino_q4
D:2:      layout_rooms, grunt_temple_overflow_octagram, uniq_jessica,
          uniq_terence
D:3:      layout_basic, cheibrodos_sewer_entry_sluice,
          nicolae_ru_the_path_less_chosen
D:4:      layout_rooms, uniq_pikel, uniq_robin

Skill      XL: |  1  2  3  4  5  6 |
---------------+-------------------+-----
Fighting       | 1 2 3 4 5 |  5.0
Maces & Flails | 1 2 3 4 |  4.8
Armour         | 1 |  1.4
Staves         | |  2.0
Throwing       | |  1.0
Dodging        | |  1.0
Stealth        | |  1.1
Spellcasting   | |  1.0
Conjurations   | |  2.1
Fire Magic     | |  2.0

Action                   |  1- 3 |  4- 6 |  7- 9 || total
-------------------------+-------+-------+-------++-------
Melee: Dagger            |   168 |   269 |    53 ||   490
 Fire: Hunting sling     |     2 |   100 |    11 ||   113
  Use: Potion            |       |     1 |     2 ||     3
       Scroll            |       |     4 |       ||     4
 Stab: Sleeping          |     1 |       |       ||     1
Armor: Robe              |    67 |     6 |       ||    73
       Skin              |       |    12 |       ||    12
       Chain mail        |       |   182 |    30 ||   212
Dodge: Dodged            |   106 |   123 |    16 ||   245

Table legend: (Time is in decaauts)
 A = Elapsed time spent in this place.
 B = Non-inter-level travel time spent in this place.
 C = Inter-level travel time spent in this place.
 D = Time resting spent in this place.
 E = Time spent auto-exploring this place.
 F = Levels seen in this place.
 G = Mean time per level.
                   A        B        C        D        E       F      G
               +--------+--------+--------+--------+--------+-----+--------+
         Total |   5168 |   5063 |    105 |   1682 |   2191 |   5 | 1033.6 |
       Dungeon |   4706 |   4601 |    105 |   1498 |   2089 |   4 | 1176.5 |
         Sewer |    461 |    461 |      0 |    184 |    101 |   1 |  461.0 |
               +--------+--------+--------+--------+--------+-----+--------+

Top non-repeatable levels by time:
     D:1: 2216 daAuts
     D:3: 1262 daAuts
     D:2: 1037 daAuts
   Sewer: 461 daAuts
     D:4: 190 daAuts
